 Dungeon Crawl Stone Soup version 0.19-a0-32-gbfd796a (webtiles) character file.

37 M4edhros the Grave Robber (level 3, -1/21 HPs)
             Began as an Octopode Necromancer on May 2, 2016.
             Slain by a giant frog skeleton (6 damage)
             ... on level 4 of the Dungeon.
             The game lasted 00:03:56 (806 turns).

M4edhros the Grave Robber (Octopode Necromancer)     Turns: 806, Time: 00:03:57

Health: -1/21      AC:  1    Str:  7    XL:     3   Next: 41%
Magic:  0/6        EV: 12    Int: 17    God:
Gold:   77         SH:  0    Dex: 13    Spells: 3 memorised, 1 level left

rFire  . . .     SeeInvis .       - Unarmed
rCold  . . .     Gourm    .     (no shield)
rNeg   . . .     Faith    .     (helmet restricted)
rPois  .         Spirit   .     (no amulet)
rElec  .         Dismiss  .     (no ring)
rCorr  .         Reflect  .     (no ring)
SustAt .         Harm     .     (no ring)
MR     .....                    (no ring)
Stlth  +++.......               (no ring)
                                (no ring)
                                (no ring)
                                (no ring)

@: very slightly contaminated, not resistant to hostile enchantments, fairly
stealthy
A: almost no armour, amphibious, 8 rings, constrict 8, camouflage 1, gelatinous
body 1
a: no special abilities


You were on level 4 of the Dungeon.
You were hungry.

You visited 1 branch of the dungeon, and saw 4 of its levels.

You collected 77 gold pieces.

Inventory:

Wands
 e - a wand of slowing (22/48)
Scrolls
 c - 2 scrolls of remove curse
 d - a scroll of fear
 f - a scroll of fog
 g - a scroll of noise {unknown}
 h - a scroll of recharging {unknown}
 j - a scroll of immolation {unknown}
Books
 a - a book of Necromancy

   Spells                             Type                      Level
   a - Pain                           Necromancy                   1
   b - Animate Skeleton               Necromancy                   1
   c - Vampiric Draining              Necromancy                   3
   d - Regeneration                   Charms/Necromancy            3
   e - Animate Dead                   Necromancy                   4
   f - Control Undead                 Necromancy                   4
Comestibles
 b - a bread ration
 i - a chunk of flesh


   Skills:
 - Level 2.0 Dodging
 - Level 2.6 Stealth
 + Level 2.9 Unarmed Combat
 - Level 2.0 Spellcasting
 - Level 4.0 Necromancy


You had one spell level left.
You knew the following spells:

 Your Spells              Type           Power        Failure   Level  Hunger
a - Pain                  Necr           ###.         3%          1    #......
b - Animate Skeleton      Necr           N/A          3%          1    #......
r - Regeneration          Chrm/Necr      #.........   24%         3    ###....


Dungeon Overview and Level Annotations

Branches:
Dungeon (4/15)
 Temple: D:4-7

Altars:
Ashenzari
Fedhas
Qazlal
Xom
Yredelemnul

Annotations:
D:4 M4edhros's ghost, amateur OpNe


Innate Abilities, Weirdness & Mutations

You cannot wear most types of armour.
You are amphibious.
You can wear up to eight rings at the same time.
You can use your tentacles to constrict eight enemies at once.
Your skin changes colour to match your surroundings (Stealth).
Your rubbery body absorbs attacks (AC +1).


Message History

A giant frog skeleton comes into view.
You see here 11 gold pieces.
Casting: Regeneration
Confirm with . or Enter, or press ? or * to list all spells.
You miscast Regeneration.
Your tentacles glow momentarily.
You completely miss the giant frog skeleton.
You grab the giant frog skeleton. You constrict the giant frog skeleton.
The giant frog skeleton hits you. The giant frog skeleton hits you!
You tentacle-slap the giant frog skeleton.
You constrict the giant frog skeleton. The giant frog skeleton hits you.
You tentacle-slap the giant frog skeleton.
You squeeze the giant frog skeleton. You constrict the giant frog skeleton.
The giant frog skeleton hits you.
* * * LOW HITPOINT WARNING * * *
You tentacle-slap the giant frog skeleton.
You constrict the giant frog skeleton.
The giant frog skeleton closely misses you.
You tentacle-slap the giant frog skeleton.
You constrict the giant frog skeleton. The giant frog skeleton hits you.
You die...

.........##.#
.........#....#
...........#... .
..............# ..
..............### ...
........###.....####....
.......####............#
..........#..........#
.....#.##......$@Z#
######.....(......#
#####..####......##
...##...# #.....##
...##.#.# ##..#....
W.....#.# #.#####..
...####.# ..# . ...# .#
.### ...# ..


You could see a giant frog skeleton.

Vanquished Creatures
  An adder (D:2)
  2 dart slugs
  A giant gecko (D:3)
  5 bats
  3 hobgoblins
  3 jackals (D:2)
  3 kobolds
  A giant gecko skeleton (D:4)
  A giant newt (D:1)
  3 rats
23 creatures vanquished.

Vanquished Creatures (collateral kills)
  A bat (D:2)
1 creature vanquished.

Grand Total: 24 creatures vanquished

Notes
Turn   | Place    | Note
--------------------------------------------------------------
     0 | D:1      | M4edhros the Octopode Necromancer began the quest for the Orb.
     0 | D:1      | Reached XP level 1. HP: 11/11 MP: 3/3
    63 | D:1      | Reached skill level 1 in Unarmed Combat
   149 | D:2      | Reached XP level 2. HP: 11/17 MP: 1/5
   194 | D:2      | Learned a level 1 spell: Animate Skeleton
   236 | D:2      | Found a shattered altar of Ashenzari.
   479 | D:2      | Reached XP level 3. HP: 14/21 MP: 4/6
   500 | D:2      | Learned a level 3 spell: Regeneration
   574 | D:3      | Found a basalt altar of Yredelemnul.
   577 | D:3      | Found a stormy altar of Qazlal.
   580 | D:3      | Found a blossoming altar of Fedhas.
   668 | D:3      | Found a shimmering altar of Xom.
   781 | D:4      | Noticed M4edhros's ghost (amateur OpNe)
   806 | D:4      | Slain by a giant frog skeleton

Vault maps used:
D:1:      dpeg_arrival_renting, minmay_door_square
D:2:      lemuel_doored_altar
D:3:      forest_paths, old_standard_altar, lemuel_crystal_altar,
          grunt_temple_overflow_diamond, first_bread
D:4:      uniq_robin, uniq_duvessa

Skill      XL: |  1 |
---------------+----+-----
Unarmed Combat | 2 |  2.9
Dodging        | |  2.0
Stealth        | |  2.6
Spellcasting   | |  2.0
Necromancy     | |  4.0

Action                   || total
-------------------------++-------
Melee: Unarmed           ||    44
       Constrict         ||    13
       Tentacles         ||     8
 Cast: Pain              ||    19
       Animate Skeleton  ||     4
       Regeneration      ||     2
  Use: Scroll            ||     4
 Stab: Sleeping          ||     4
Armor: Skin              ||     4
Dodge: Dodged            ||    23
